 Dungeon Crawl Stone Soup version 0.31.0-32-g396128a36d (webtiles) character file.

Game seed: 14478761393337550880

49 spaghetti the Magician (level 3, -1/31 HPs)
             Began as an Oni Earth Elementalist on Mar 9, 2024.
             Shot with a sling bullet by a goblin (3 damage)
             ... on level 2 of the Dungeon.
             The game lasted 00:02:19 (1421 turns).

spaghetti the Magician (Oni Earth Elementalist)     Turns: 1421, Time: 00:02:20

Health: -1/31      AC:  3    Str: 12    XL:     3   Next: 75%
Magic:  4/7        EV: 10    Int: 18    God:
Gold:   113        SH:  0    Dex:  9    Spells: 7/8 levels left

rFire   . . .        (no weapon)
rCold   . . .        (no shield)
rNeg    . . .        a - +0 robe
rPois   .            (helmet restricted)
rElec   .            (no cloak)
rCorr   .            (gloves unavailable)
SInv    .            (boots unavailable)
Will    .....        (no amulet)
Stlth   +            e - ring of wizardry
HPRegen 0.25/turn    (no ring)
MPRegen 0.10/turn

%: wizardry (x1)
@: no status effects
A: large, unfitting armour, horns 1, tough skin 1, double potion healing,
drunken brawling
a: no special abilities


You were on level 2 of the Dungeon.
You visited 1 branch of the dungeon, and saw 3 of its levels.

You collected 113 gold pieces.

Inventory:

Missiles
 g - a throwing net
Armour
 a - a +0 robe (worn)
Jewellery
 e - a ring of wizardry (left hand)
Scrolls
 j - a scroll of revelation {unknown}
 k - a scroll of identify {unknown}
Potions
 b - a potion of magic
 c - a potion of resistance {unknown}
 d - a potion of might {unknown}
 f - a potion of haste {unknown}
 h - a potion of brilliance {unknown}
 i - a potion of enlightenment {unknown}


   Skills:
 - Level 2.0 Dodging
 - Level 1.5 Stealth
 + Level 3.2 Spellcasting
 + Level 1.7 Conjurations
 + Level 3.1 Earth Magic


You had 7 spell levels left.
You knew the following spells:

 Your Spells              Type           Power      Damage    Failure   Level
a - Sandblast             Erth           28%        2d8       1%          1

Your spell library contained the following spells:

 Spells                   Type           Power      Damage    Failure   Level
 Magic Dart               Conj           36%        1d4       3%          1
 Sting                    Conj/Alch      20%        1d4       4%          1
 Searing Ray              Conj           18%        2d5       4%          2
 Passwall                 Erth           14%        N/A       5%          3
 Apportation              Tloc           4%         N/A       6%          1
 Necrotise                Necr           8%         1d4       6%          1
 Summon Small Mammal      Summ           8%         N/A       6%          1
 Stone Arrow              Conj/Erth      22%        3d8       8%          3
 Frozen Ramparts          Ice            4%         1d1       19%         3
 Brom's Barrelling Bould  Conj/Erth      11%        2d3       24%         4
 Leda's Liquefaction      Alch/Erth      4%         N/A       32%         4
 Petrify                  Alch/Erth      8%         N/A       32%         4
 Fulminant Prism          Conj/Alch      2%         3d5       41%         4
 Metabolic Englaciation   Hex/Ice        1%         N/A       85%         5


Dungeon Overview and Level Annotations

Branches:
Dungeon (3/15)

Altars:

Annotations:
D:2 Ijyb


Innate Abilities, Weirdness & Mutations

You are too large for most types of armour.
You have a pair of small horns on your head.
You have tough skin. (AC +1)
You gain doubled healing and magic from potions.
Whenever you drink a healing potion, you attack all around you.


Message History

2 goblins come into view.
There are monsters nearby!
There are monsters nearby! 4 goblins come into view.
Found a scroll labelled CYROMPUWKA.
The goblin shouts! x3; You hear a shout!
Ijyb the Twisted Goblin comes into view.
She is wielding a +0 dagger and carrying a wand of iceblast.
Casting: Sandblast (safe; 1% risk of failure)
Confirm with . or Enter, or press ? or * to list all spells.
Aiming: Sandblast (safe; 1% risk of failure)
Press: ? - help, Shift-Dir - straight line, f - goblin
Aim: a goblin, wielding a +0 dagger (77% to hit)
The blast of sand hits the goblin!
You kill the goblin!
The goblin shouts! x2
The goblin unwields a +0 dagger.
The goblin wields a +0 sling.
The goblin shoots a sling bullet.
The sling bullet hits you but does no damage.
The goblin shouts!
Casting: Sandblast (safe; 1% risk of failure)
Confirm with . or Enter, or press ? or * to list all spells.
Aiming: Sandblast (safe; 1% risk of failure)
Press: ? - help, Shift-Dir - straight line, f - goblin
Aim: a goblin, wielding a +0 club (77% to hit)
The blast of sand hits the goblin!
You kill the goblin!
Ijyb screams, "You nasty!
Big nasty!"
Ijyb zaps a wand.
The mass of ice explodes!
The iceblast engulfs you!
The goblin shoots a sling bullet.
The sling bullet hits you.
Casting: Sandblast (safe; 1% risk of failure)
Confirm with . or Enter, or press ? or * to list all spells.
Aiming: Sandblast (safe; 1% risk of failure)
Press: ? - help, Shift-Dir - straight line, f - goblin
Aim: a goblin, wielding a +0 dagger (77% to hit)
The blast of sand hits the goblin!
You kill the goblin!
Ijyb zaps a wand.
The mass of ice explodes!
The iceblast engulfs you!
* * * LOW HITPOINT WARNING * * *
The goblin shoots a sling bullet.
The sling bullet hits you.
You die...

##.# #.#
...#
#.#####.#
####
#.†......
#.#######
##.# #..#
##.## #.#
#..#######
##.##
#.@8.8.8.8
...#
#....).g..
##..# ####
#.........
#...# ....
#.....gg..
#...####
####
#.....g...
#...#...
#.........
#.<...#.
#.?8.8.8.8
#...#.#.
##.#######
#.......
#.# #....
..#
##.##.#.


You could see Ijyb and 3 goblins.

Vanquished Creatures
  An adder (D:2)
  A dart slug (D:2)
  A ribbon worm (D:2)
  2 ball pythons
  2 bats
  3 endoplasms
  8 goblins
  2 hobgoblins
  2 jackals (D:2)
  2 quokkas
  A frilled lizard (D:2)
  6 kobolds
  A rat (D:1)
32 creatures vanquished.

Notes
Turn   | Place    | Note
-------+----------+-------------------------------------------
     0 | D:1      | spaghetti the Oni Earth Elementalist began the quest for
                  | the Orb.
     0 | D:1      | Reached XP level 1. HP: 16/16 MP: 3/3
    83 | D:1      | Reached skill level 1 in Conjurations
   282 | D:1      | Reached XP level 2. HP: 24/24 MP: 2/5
   588 | D:1      | Found a faded altar of an unknown god.
   742 | D:2      | Reached XP level 3. HP: 17/31 MP: 0/7
  1417 | D:2      | Noticed Ijyb
  1421 | D:2      | Shot with a sling bullet by a goblin

Illustrated notes

Levels and vault maps discovered:
D:1:      lemuel_arrival_lava_pool, layout_basic,
          shapermc_ecumenical_altar_mp_urbaneastern, due_unseen_surprise
D:2:      kennysheep_the_goblin_king, layout_loops_corners, patterned_corridor
D:3:      layout_rooms, kennysheep_cross_bottleneck

Skill      XL: |  1  2  3 |
---------------+----------+-----
Conjurations   | 1 |  1.7
Dodging        | 2 |  2.0
Earth Magic    | 3 |  3.1
Spellcasting   | 3 |  3.2
Stealth        | |  1.5

Action                     || total
---------------------------++-------
  Melee: Unarmed           ||     9
         Headbutt          ||     1
   Cast: Sandblast         ||    49
 Armour: Robe              ||    29
  Dodge: Dodged            ||    10
